 Dungeon Crawl Stone Soup version 0.19.5 (webtiles) character file.

224 ghjk the Chopper (level 5, -4/47 HPs)
             Began as a Minotaur Fighter on Apr 30, 2017.
             Slain by an ogre
             ... wielding a +0 giant club
              (18 damage)
             ... on level 4 of the Dungeon.
             The game lasted 00:04:19 (2145 turns).

ghjk the Chopper (Minotaur Fighter)                 Turns: 2145, Time: 00:04:20

Health: -4/47      AC:  9    Str: 22    XL:     5   Next: 67%
Magic:  4/4        EV:  8    Int:  5    God:
Gold:   151        SH:  9    Dex:  9    Spells: 0 memorised, 4 levels left

rFire  . . .     SeeInvis .     a - +0 war axe
rCold  . . .     Gourm    .     b - +0 scale mail
rNeg   . . .     Faith    .     c - +0 shield
rPois  .         Spirit   .     (helmet restricted)
rElec  .         Reflect  .     (no cloak)
rCorr  .         Harm     .     v - +1 pair of gloves
MR     .....                    (no boots)
Stlth  ..........               (no amulet)
                                (no ring)
                                (no ring)

@: no status effects
A: retaliatory headbutt, horns 2
a: no special abilities


You were on level 4 of the Dungeon.
You were not hungry.

You visited 1 branch of the dungeon, and saw 4 of its levels.

You collected 151 gold pieces.

Inventory:

Hand Weapons
 a - a +0 war axe (weapon)
Armour
 b - a +0 scale mail (worn)
 c - a +0 shield (worn)
 p - a +0 plate armour
 v - a +1 pair of gloves (worn)
Scrolls
 h - 2 scrolls of blinking {unknown}
 j - a scroll of immolation {unknown}
 k - 5 scrolls of remove curse {unknown}
 l - 2 scrolls of teleportation {unknown}
 m - a scroll of random uselessness {unknown}
 n - 3 scrolls of identify {unknown}
 q - a scroll of noise {unknown}
 u - a scroll of enchant armour {unknown}
Potions
 d - a potion of might
 e - a potion of flight {unknown}
 g - a potion of agility {unknown}
 i - 4 potions of curing
 o - a potion of brilliance
Comestibles
 f - 2 bread rations
 r - a royal jelly
 s - a slice of pizza
 t - a meat ration
 x - 2 fruits


   Skills:
 + Level 4.4 Fighting
 * Level 5.7 Axes
 + Level 4.7 Armour
 + Level 1.2 Dodging
 - Level 3.6 Shields


You had 4 spell levels left.
You didn't know any spells.

Dungeon Overview and Level Annotations

Branches:
Dungeon (4/15)
 Temple: D:4-7

Altars:


Innate Abilities, Weirdness & Mutations

You reflexively headbutt those who attack you in melee.
You have a pair of horns on your head.


Message History

Found 28 arrows.
No target in view!
No target in view!
An ogre comes into view. It is wielding a giant club.
An ogre is nearby!
An ogre is nearby!
An ogre is nearby!
You completely miss the ogre. The ogre hits you with a giant club!
You slash the ogre!
The ogre is heavily wounded.
The ogre hits you with a giant club!!
Ouch! That really hurt!
* * * LOW HITPOINT WARNING * * *
All of the chunks of flesh in your inventory have rotted away.
You are too injured to fight recklessly!
You are too injured to fight recklessly!
You are too injured to fight recklessly!
You are too injured to fight recklessly!
The ogre hits you with a giant club!!
You die...

....#.# ... .#..#.# #.#
.#.##.# #.# ......# #.#
##
##..#######.########...
.................(.....
###.##...##.###...##..
#.##...##.# #...#
#..#...##.# #.@O#
##.#...##.#...........
##.#...##.#........###
#......##.#........#
#......##.##########
#.....###.#
###....<###.#######
........##........#
.....#.###........#


You could see an ogre.

Vanquished Creatures
  The ghost of bananaglory the Conjurer, an amateur HuCj (D:3)
  A centaur skeleton (D:4)
  5 adders
  3 worms (D:3)
  A dart slug (D:3)
  A leopard gecko (D:3)
  An orc (D:3)
  3 giant cockroaches
  10 goblins
  7 hobgoblins
  2 jackals (D:2)
  7 kobolds
  A quokka (D:2)
  4 ball pythons (D:3)
  5 bats
  5 frilled lizards
  A leopard gecko skeleton (D:4)
  4 rats
62 creatures vanquished.

Notes
Turn   | Place    | Note
-------+----------+-------------------------------------------
     0 | D:1      | ghjk the Minotaur Fighter began the quest for the Orb.
     0 | D:1      | Reached XP level 1. HP: 19/19 MP: 0/0
   225 | D:1      | Reached XP level 2. HP: 27/27 MP: 1/1
   606 | D:1      | Reached skill level 3 in Axes
   983 | D:2      | Reached XP level 3. HP: 32/33 MP: 2/2
  1448 | D:3      | Reached XP level 4. HP: 36/41 MP: 3/3
  1667 | D:3      | Reached skill level 4 in Axes
  1724 | D:3      | Reached skill level 1 in Dodging
  2031 | D:3      | Noticed bananaglory's ghost (amateur HuCj)
  2037 | D:3      | Killed bananaglory's ghost
  2037 | D:3      | Reached skill level 5 in Axes
  2037 | D:3      | Reached XP level 5. HP: 47/47 MP: 4/4
  2140 | D:4      | Noticed an ogre
  2145 | D:4      | Slain by an ogre

Skill      XL: |  1  2  3  4 |
---------------+-------------+-----
Fighting       | 4 |  4.4
Axes           | 3 5 |  5.7
Armour         | 4 |  4.7
Dodging        | 1 |  1.2
Shields        | |  3.6

Action                   |  1- 3 |  4- 6 || total
-------------------------+-------+-------++-------
Melee: War axe           |   100 |    68 ||   168
       Headbutt          |    12 |    13 ||    25
  Use: Potion            |     2 |     1 ||     3
  Eat: Chunk             |     2 |     2 ||     4
Armor: Scale mail        |    44 |    30 ||    74
Dodge: Dodged            |    35 |    21 ||    56
Block: Shield            |    48 |    40 ||    88
